 Dungeon Crawl Stone Soup version 0.17-a0-580-g22c127a (webtiles) character file.

906 Magnus the Shield-Bearer (level 8, -3/65 HPs)
             Began as a Formicid Fighter on Apr 15, 2015.
             Was a Follower of Cheibriados.
             Slain by Duskembrace's ghost (9 damage)
             ... on level 5 of the Dungeon.
             The game lasted 00:35:54 (5632 turns).

Magnus the Shield-Bearer (Formicid Fighter)         Turns: 5632, Time: 00:35:55

Health: -3/65      AC: 10    Str: 28    XL:     8   Next: 29%
Magic:  8/8        EV: 14    Int: 17    God:    Cheibriados [*.....]
Gold:   234        SH: 12    Dex: 19    Spells: 0 memorised, 7 levels left

rFire  . . .     SeeInvis +     a - +0 war axe
rCold  . . .     Clarity  .     b - +0 scale mail
rNeg   . . .     SustAb   +     c - +0 shield
rPois  .         Gourm    +     (helmet unavailable)
rElec  .         Spirit   .     u - +2 cloak
rCorr  .         Warding  .     (no gloves)
rMut   .         Stasis   +     (no boots)
MR     +....                    y - amulet of the gourmand
Stlth  +.........               (no ring)
                                f - ring of sustain abilities

@: mighty, brilliant, agile, very slow, somewhat resistant to hostile
enchantments, very unstealthy
A: permanent stasis, dig shafts and tunnels, four strong arms, antennae 3,
blurry vision 1, clever 1, magic resistance 1
a: Dig, Shaft Self, Bend Time, Renounce Religion


You were on level 5 of the Dungeon.
You worshipped Cheibriados.
Cheibriados was aware of your devotion.
You were not hungry.

You visited 1 branch of the dungeon, and saw 6 of its levels.

You collected 234 gold pieces.

Inventory:

Hand weapons
 a - a +0 war axe (weapon)
 F - the +1 hammer "Culuc" {vamp, rElec rF+ rC- Dex-4, unknown}
   (You found it on level 4 of the Dungeon)

   It inflicts no extra harm, but heals its wielder somewhat when it strikes a
   living foe.
   It affects your dexterity (-4).
   It protects you from fire.
   It makes you vulnerable to cold.
   It insulates you from electricity.
 G - the +6 hammer "Hydrabane" {holy, *Rage rElec Str+7}
   (You found it on level 4 of the Dungeon)

   It has been blessed by the Shining One to cause great damage to the undead
   and demons.
   It affects your strength (+7).
   It insulates you from electricity.
   It may make you go berserk in combat.
Missiles
 m - a throwing net (quivered)
Armour
 b - a +0 scale mail (worn)
 c - a +0 shield (worn)
 u - a +2 cloak (worn)
Jewellery
 f - a ring of sustain abilities (left hand)
 y - an amulet of the gourmand (around neck)
 A - an uncursed amulet of resist corrosion
Scrolls
 g - a scroll of remove curse
 h - a scroll of amnesia
 l - a scroll of identify
 q - a scroll of recharging
Potions
 e - 2 potions of might
 i - a potion of brilliance
 p - 2 potions of curing
 s - a potion of haste {unknown}
 z - a potion of restore abilities {unknown}
 D - a potion of cancellation {unknown}
Comestibles
 d - 7 bread rations
 j - 4 meat rations
 n - 6 chunks of flesh
 B - 4 beef jerkies


   Skills:
 + Level 6.6 Fighting
 + Level 5.4 Axes
 - Level 3.2 Armour
 + Level 7.0 Shields


You had 7 spell levels left.
You didn't know any spells.

Dungeon Overview and Level Annotations

Branches:
Dungeon (6/15)
 Temple: D:4-7

Altars:
Cheibriados
Dithmenos
Kikubaaqudgha

Annotations:
D:5 Duskembrace's ghost, experienced OgBe
D:6 Blork the orc


Innate Abilities, Weirdness & Mutations

You are under a permanent stasis effect.
You can dig through walls and to a lower floor.
Your four strong arms can wield two-handed weapons with a shield.
You have a pair of large antennae on your head (SInv).
Scrolls take you a little longer to read.
Your mind is acute. (Int +2)
You are resistant to hostile enchantments.


Message History

You block Duskembrace's ghost's attack.
Unknown command.
You barely miss Duskembrace's ghost.
Duskembrace's ghost is severely damaged.
You block Duskembrace's ghost's attack. Duskembrace's ghost hits you!
* * * LOW HITPOINT WARNING * * *
Unknown command.
You slash Duskembrace's ghost!
Duskembrace's ghost is almost destroyed.
You block Duskembrace's ghost's attack.
Unknown command.
You closely miss Duskembrace's ghost.
Duskembrace's ghost is almost destroyed.
Duskembrace's ghost hits you!
* * * LOW HITPOINT WARNING * * *
Unknown command.
You hit Duskembrace's ghost.
Duskembrace's ghost is almost destroyed.
Duskembrace's ghost hits you!
You die...

### #######.# #.......#
##############.#####.#
#.......W@...(.....#.#
#.##############.#.#.#
#.#.........)....#.#.#
########.#...########)......#
#.....##.#..............#.#.#
........>....#.##.#.#.......#
#.#.#.########.##.#.......###
#.#.#[######.......##.#####
#.#...........W.#.....#


You could see Duskembrace's ghost.

Vanquished Creatures
  Grinder (D:3)
  An ogre (D:4)
  A centaur (D:5)
  A scorpion (D:4)
  A hound (D:4)
  3 orc priests
  3 crimson imps
  Crazy Yiuf (D:4)
  Ijyb (D:2)
  A jelly (D:5)
  An orc wizard (D:5)
  Robin (D:4)
  5 adders
  A worm (D:3)
  3 giant geckos
  13 orcs
  A bat skeleton (D:4)
  3 giant cockroaches
  18 hobgoblins
  A quokka (D:3)
  8 bats
  A giant gecko skeleton (D:4)
  2 giant newts (D:5)
  8 goblins
  A jackal skeleton (D:5)
  9 kobolds
  A quokka skeleton (D:4)
  7 rats
98 creatures vanquished.

Notes
Turn   | Place    | Note
--------------------------------------------------------------
     0 | D:1      | Magnus, the Formicid Fighter, began the quest for the Orb.
     0 | D:1      | Reached XP level 1. HP: 18/18 MP: 1/1
   179 | D:1      | Reached XP level 2. HP: 24/24 MP: 2/2
   580 | D:1      | Reached skill level 4 in Shields
   716 | D:2      | Found an ancient bone altar of Kikubaaqudgha.
   732 | D:2      | Noticed Ijyb
   742 | D:2      | Killed Ijyb
   742 | D:2      | Reached XP level 3. HP: 4/30 MP: 3/3
  1218 | D:2      | Reached XP level 4. HP: 34/37 MP: 4/4
  1788 | D:3      | Reached XP level 5. HP: 40/43 MP: 5/5
  1831 | D:3      | Noticed Grinder
  2326 | D:2      | Reached skill level 5 in Shields
  2490 | D:3      | Killed Grinder
  2490 | D:3      | Reached skill level 5 in Fighting
  2490 | D:3      | Reached XP level 6. HP: 38/51 MP: 6/6
  2675 | D:3      | Gained mutation: You are resistant to hostile enchantments. [potion of mutation]
  2675 | D:3      | Gained mutation: Your mind is acute. (Int +2) [potion of mutation]
  2675 | D:3      | Gained mutation: Scrolls take you a little longer to read. [potion of mutation]
  2972 | D:4      | Noticed Robin
  2983 | D:4      | Killed Robin
  2987 | D:4      | Reached XP level 7. HP: 53/56 MP: 7/7
  3044 | D:4      | Reached skill level 6 in Shields
  3090 | D:4      | Found a snail-covered altar of Cheibriados.
  3098 | D:4      | Became a worshipper of Cheibriados the Contemplative
  3334 | D:4      | Noticed Crazy Yiuf
  3342 | D:4      | Killed Crazy Yiuf
  3360 | D:4      | Got a transparent hammer
  3362 | D:4      | Got a brightly glowing hammer
  3527 | D:4      | Identified the +6 hammer "Hydrabane" {holy, *Rage rElec Str+7} (You found it on level 4 of the Dungeon)
  3554 | D:5      | Entered Level 5 of the Dungeon
  3573 | D:5      | Noticed Duskembrace's ghost (experienced OgBe)
  4799 | D:5      | Reached skill level 5 in Axes
  5000 | D:5      | Reached XP level 8. HP: 62/64 MP: 8/8
  5061 | D:5      | Acquired Cheibriados's first power
  5122 | D:5      | Found a shadowy altar of Dithmenos.
  5453 | D:5      | Reached skill level 7 in Shields
  5600 | D:6      | Noticed Blork the orc
  5632 | D:5      | Slain by Duskembrace's ghost

Action                   |  1- 3 |  4- 6 |  7- 9 || total
-------------------------+-------+-------+-------++-------
Melee: War axe           |    82 |   174 |   218 ||   474
Throw: Throwing net      |       |       |     1 ||     1
Invok: Bend Time         |       |       |     5 ||     5
  Use: Potion            |       |     1 |     3 ||     4
       Scroll            |       |       |    10 ||    10
  Eat: Chunk             |       |     3 |     8 ||    11
       Meat ration       |       |     1 |       ||     1
       Royal jelly       |       |       |     1 ||     1
